 Dungeon Crawl Stone Soup version 0.27.1-2-g3b301248ec (webtiles) character file.

Game seed: 16998204641053530572

7 snilloc10 the Stinger (level 1, 0/13 HPs)
             Began as a Demonspawn Venom Mage on Sept 22, 2021.
             Slain by a jackal (1 damage)
             ... on level 1 of the Dungeon.
             The game lasted 00:02:48 (194 turns).

snilloc10 the Stinger (Demonspawn Venom Mage)        Turns: 194, Time: 00:02:48

Health: 0/13       AC:  2    Str:  8    XL:     1   Next: 91%
Magic:  2/3        EV: 12    Int: 16    God:
Gold:   9          SH:  0    Dex: 13    Spells: 3/4 levels left

rFire    . . .     SeeInvis .   f - +0 dagger
rCold    . . .     Faith    .   (no shield)
rNeg     . . .     Spirit   .   a - +0 robe
rPois    .         Reflect  .   (no helmet)
rElec    .         Harm     .   (no cloak)
rCorr    .         Rampage  .   (no gloves)
Will     .....                  (no boots)
Stlth    ++........             (no amulet)
HPRegen  0.04/turn              (no ring)
MPRegen  0.08/turn              (no ring)

@: no status effects
A: no striking features
a: no special abilities


You were on level 1 of the Dungeon.
You visited 1 branch of the dungeon, and saw 1 of its levels.

You collected 9 gold pieces.

Inventory:

Hand Weapons
 f - a +0 dagger (weapon)
Armour
 a - a +0 robe (worn)
Scrolls
 b - a scroll of summoning {unknown}
 c - 3 scrolls of identify {unknown}
 e - a scroll of fear {unknown}
Potions
 d - a potion of curing {unknown}


   Skills:
 + Level 1.9 Dodging
 + Level 1.9 Stealth
 - Level 2.0 Spellcasting
 - Level 0.8 Transmutations
 * Level 3.3 Poison Magic


You had 3 spell levels left.
You knew the following spells:

 Your Spells              Type           Power      Damage    Failure   Level
a - Sting                 Tmut/Pois      32%        1d4       9%          1

Your spell library contained the following spells:

 Spells                   Type           Power      Damage    Failure   Level
 Poisonous Vapours        Pois/Air       14%        N/A       16%         2
 Mephitic Cloud           Conj/Pois/Air  5%         N/A       36%         3
 Olgreb's Toxic Radiance  Pois           12%        N/A       45%         4


Dungeon Overview and Level Annotations

Branches:
Dungeon (1/15)

Altars:


Message History

The jackal bites you. The jackal bites you. The jackal closely misses you.
Casting: Sting (safe; 9% risk of failure)
Confirm with . or Enter, or press ? or * to list all spells.
Aiming: Sting (safe; 9% risk of failure)
Press: ? - help, Shift-Dir - straight line, f - jackal
Aim: a jackal (60% to hit)
The sting hits the jackal.
The jackal is poisoned.
The jackal is moderately wounded.
The jackal bites you.
Casting: Sting (safe; 9% risk of failure)
Confirm with . or Enter, or press ? or * to list all spells.
Aiming: Sting (safe; 9% risk of failure)
Press: ? - help, Shift-Dir - straight line, f/p - jackal
Aim: a jackal (heavily wounded, poisoned, 60% to hit)
The sting misses the jackal.
The sting hits the endoplasm.
The endoplasm partially resists.
The endoplasm is lightly wounded.
The jackal bites you.
* * * LOW HITPOINT WARNING * * *
Casting: Sting (safe; 9% risk of failure)
Confirm with . or Enter, or press ? or * to list all spells.
You don't have enough magic to cast this spell.
You kill the jackal!
The jackal closely misses you.
The jackal bites you but does no damage.
The jackal bites you.
* * * LOW HITPOINT WARNING * * *
The jackal misses you. The jackal bites you.
* * * LOW HITPOINT WARNING * * *
You barely miss the jackal. The jackal closely misses you.
You hit the jackal.
The jackal is heavily wounded.
The jackal closely misses you.
You hit the jackal but do no damage.
The jackal is heavily wounded.
The jackal bites you.
You die...

######
####....##########
.....†.........†.#
#####.#.########.#
#.#........#.#
#.########.#.#
##.#h.Jh@...#.#
#######..#.########.##
#_^......#...J.h..#..#
#####..#..########.#.)#
##[!.#####.#..h.J...#..#
..... ##..#.########..#
##... ##...............#
.....##................#
....†....###++##########


You could see an endoplasm and 2 jackals.

Vanquished Creatures
  2 goblins (D:1)
  2 jackals (D:1)
  A quokka (D:1)
  A rat (D:1)
6 creatures vanquished.

Notes
Turn   | Place    | Note
-------+----------+-------------------------------------------
     0 | D:1      | snilloc10 the Demonspawn Venom Mage began the quest for the
                  | Orb.
     0 | D:1      | Reached XP level 1. HP: 13/13 MP: 3/3
    23 | D:1      | Found a faded altar of an unknown god.
   194 | D:1      | Slain by a jackal

Illustrated notes

Levels and vault maps discovered:
D:1:      psy_arrival_whirlpool, layout_rooms,
          hellmonk_ecumenical_altar_leap_of_faith, minivault_27,
          minmay_tiny_reverse_x

Action                   || total
-------------------------++-------
Melee: Dagger            ||    10
 Cast: Sting             ||     7
Armor: Robe              ||     5
Dodge: Dodged            ||    15
